 Dungeon Crawl Stone Soup version 0.16-a0-2652-gd333f3b (webtiles) character file.

16711 PolkaDot the Summoner (level 12, -1/83 HPs)
             Began as a Vampire Summoner on Nov 23, 2014.
             Was an Elder of Sif Muna.
             Slain by an elephant (17 damage)
             ... on level 5 of the Lair of Beasts.
             The game lasted 01:09:41 (16086 turns).

PolkaDot the Summoner (Vampire Summoner)           Turns: 16086, Time: 01:09:41

Health: -1/83      AC:  6    Str:  7    XL:     12   Next: 12%
Magic:  13/31      EV: 12    Int: 25    God:    Sif Muna [****..]
Gold:   550        SH:  0    Dex: 17    Spells: 5 memorised, 2 levels left

rFire  . . .     SeeInvis +     b - +8 dagger "Kuitt" {venom, Int+4 Dex+3}
rCold  . . .     Clarity  +     y - +3 troll leather armour {Purgy}
rNeg   . . .     SustAb   .     (no shield)
rPois  .         Gourm    .     (no helmet)
rElec  .         Spirit   .     e - +0 cloak
rCorr  .         Warding  .     (no gloves)
rMut   .         Stasis   .     (no boots)
MR     +....                    L - amulet of clarity
Stlth  ++........               k - ring of magical power
                                w - -2 ring of protection (curse)

@: regenerating very quickly, somewhat resistant to hostile enchantments,
unstealthy
A: bottle blood, fangs 3, hooves 1, see invisible, screaming 1, unbreathing
a: Channel Energy, Forget Spell, Renounce Religion


You were on level 5 of the Lair of Beasts.
You worshipped Sif Muna.
Sif Muna was greatly pleased with you.
You were almost alive.

You visited 3 branches of the dungeon, and saw 15 of its levels.

You collected 739 gold pieces.
You spent 189 gold pieces at shops.

Inventory:

Hand weapons
 b - the +8 dagger "Kuitt" (weapon) {venom, Int+4 Dex+3}
   (You found it on level 8 of the Dungeon)

   It poisons the flesh of those it strikes.
   It affects your intelligence (+4).
   It affects your dexterity (+3).
 i - a +2 demon blade of draining
Missiles
 g - a throwing net (quivered)
Armour
 e - a +0 cloak (worn)
 y - a +3 troll leather armour (worn) {Purgy}
Magical staves
 a - an uncursed staff of summoning
Jewellery
 c - an uncursed ring of poison resistance
 k - a ring of magical power (right hand)
 p - an uncursed ring of protection from cold
 w - a cursed -2 ring of protection (left hand)
 K - an uncursed ring of sustain abilities
 L - an amulet of clarity (around neck)
 N - a +4 ring of evasion
Magical devices
 n - a wand of random effects (22)
 r - a wand of flame (21)
 v - a wand of random effects (26)
 x - a wand of enslavement (4)
 A - a wand of disintegration (10)
 B - a wand of disintegration (13)
 E - a wand of fireball (5)
 G - a wand of flame (36)
 H - a wand of slowing (7)
 I - a wand of magic darts (11)
 P - a wand of draining (7)
 S - a wand of paralysis (13)
 T - a wand of disintegration (14)
Scrolls
 f - 3 scrolls of fog
 t - 2 scrolls of enchant weapon
 u - 2 scrolls of amnesia
 D - a scroll of teleportation
 O - 3 scrolls of recharging
 Q - a scroll of blinking
 R - 2 scrolls of magic mapping
Potions
 d - 4 potions of restore abilities
 h - 2 potions of might
 j - a potion of haste
 l - 4 potions of curing
 m - 3 potions of brilliance
 o - a potion of invisibility
 q - 5 potions of blood {@*1}
 s - a potion of cancellation
 z - a potion of lignification
 F - a potion of berserk rage {unknown}


   Skills:
 - Level 4.1 Fighting
 - Level 7.3 Short Blades
 - Level 4.3 Staves
 + Level 4.1 Dodging
 - Level 3.1 Stealth
 - Level 4.0 Spellcasting
 - Level 8.1 Hexes
 - Level 13.1 Summonings
 - Level 8.9 Ice Magic
 * Level 2.2 Air Magic
 + Level 2.9 Invocations


You had 2 spell levels left.
You knew the following spells:

 Your Spells              Type           Power        Failure   Level  Hunger
d - Call Canine Familiar  Summ           ######..     1%          3    ##.....
g - Summon Guardian Gole  Hex/Summ       ######..     1%          4    ####...
i - Summon Ice Beast      Ice/Summ       ######..     1%          4    ####...
l - Summon Lightning Spi  Summ/Air       #####...     4%          4    ####...
s - Call Imp              Summ           ######..     1%          2    None


Dungeon Overview and Level Annotations

Branches:
Dungeon (9/15)             Temple (1/1) D:7            Lair (5/8) D:9
 Spider (0/5) Lair:5
  Swamp: Lair:3-6    Shoals: Lair:3-6       Orc: D:9-12

Altars:
Ashenzari
Cheibriados
Dithmenos
Elyvilon
Fedhas
Gozag
Kikubaaqudgha
Makhleb
Nemelex Xobeh
Okawaru
Qazlal
Ru
Sif Muna
Trog
Vehumet
Xom
Yredelemnul
Zin
The Shining One

Shops:
D:6 *

Annotations:
D:4 Prince Ribbit


Innate Abilities, Weirdness & Mutations

Your natural rate of healing is extremely fast.
You can bottle blood from corpses.
You have razor-sharp teeth.
You have supernaturally acute eyesight.
You can survive without breathing.
You have large cloven feet.
You occasionally shout uncontrollably at your foes.


Message History

You kick the elephant, but do no damage.
You bite the elephant, but do no damage.
The elephant is heavily wounded.
The elephant tramples you!
* * * LOW HITPOINT WARNING * * *
You stumble backwards!
You hit the elephant.
The elephant looks even sicker.
You kick the elephant, but do no damage.
The elephant is heavily wounded.
You hit the elephant.
You kick the elephant, but do no damage.
The elephant is heavily wounded.
The elephant tramples you.
* * * LOW HITPOINT WARNING * * *
You stumble backwards!
Your warg disappears in a puff of smoke!
Casting: Summon Lightning Spire
Confirm with . or Enter, or press ? or * to list all spells.
The elephant tramples you!
You die...

#.......# #P..
###......## #### ##..
#.........###..### ##...
##..........#.#..###....
#...:...................
###.....................
#....................(.
#......................
#.....@................
##....hY................
#......Y.#..##......###.
####........##...###..###
#..(....l.######## ####
###........# #.#.†.....#
##.......## #..>.....###


You could see an elephant, an iguana, a friendly warg and a friendly ice beast.

Vanquished Creatures
  A catoblepas (Lair:5)
  A wolf spider (Lair:5)
  An elephant (Lair:5)
  A black mamba (Lair:5)
  3 komodo dragons
  A spiny frog (Lair:5)
  A snapping turtle (Lair:3)
  8 blink frogs
  3 hippogriffs
  A wyvern (Lair:5)
  7 yaks
  4 wolves (Lair:4)
  Edmund (D:7)
  8 water moccasins
  An orc warrior (D:6)
  12 porcupines
  4 centaurs
  9 crocodiles
  2 big kobolds
  13 giant frogs
  2 scorpions
  A centaur zombie (D:6)
  4 crimson imps
  2 giant frog zombies (D:6)
  7 iguanas
  A centaur skeleton (D:8)
  5 hounds
  Crazy Yiuf (D:7)
  3 jellies
  A giant frog skeleton (D:7)
  An orc wizard (D:8)
  6 sheep (Lair:1)
  4 worker ants
  A hound zombie (D:7)
  2 worker ant zombies
  2 hound skeletons
  14 adders
  10 river rats
  A white imp (Lair:5)
  A giant mite (D:1)
  3 shadow imps
  2 adder zombies
  4 giant geckos
  8 orcs
  4 ball pythons
  11 bats
  3 bat zombies
  11 goblins
  9 hobgoblins
  5 jackals
  19 kobolds
  6 quokkas
  5 giant cockroaches
  4 giant newts
  A jackal skeleton (D:7)
  A quokka zombie (D:6)
  18 rats
  A rat zombie (D:4)
  7 fungi
273 creatures vanquished.

Vanquished Creatures (collateral kills)
  An ice dragon (Lair:5)
  Pikel (D:7)
  3 elephants (Lair:5)
  Joseph (Lair:1)
  2 spiny frogs
  A fire drake (Lair:3)
  2 komodo dragons
  2 basilisks
  7 blink frogs (Lair:3)
  Eustachio (D:6)
  3 yaks (Lair:2)
  A wolf (Lair:4)
  A hippogriff (Lair:2)
  Menkaure (D:7)
  A porcupine (Lair:1)
  A warg (Lair:3)
  An orc warrior (D:8)
  2 spiders (Lair:5)
  Purgy (D:4)
  3 ice beasts
  3 ogres
  A crocodile (Lair:5)
  A phantom (D:5)
  2 slaves (D:7)
  A centaur (D:8)
  Duvessa (D:4)
  A big kobold (D:9)
  2 giant frogs (Lair:2)
  A gnoll sergeant (D:8)
  An electric eel (Lair:1)
  Dowan (D:4)
  3 goliath beetles (D:6)
  2 crimson imps
  5 hounds
  A centaur zombie (D:6)
  A yellow wasp zombie (D:6)
  2 giant frog skeletons
  An orc wizard (D:8)
  An iguana (D:8)
  A worker ant (D:9)
  2 sheep (Lair:1)
  Ijyb (D:7)
  5 gnolls (D:8)
  4 adders
  A shadow imp (D:6)
  10 river rats
  3 white imps
  An ufetubus (D:6)
  A giant gecko (D:6)
  7 orcs
  2 bats (D:9)
  2 giant cockroaches
  3 goblins (D:1)
  3 hobgoblins (D:1)
  A quokka (D:5)
  A giant gecko skeleton (D:5)
  2 kobolds
  A quokka zombie (D:6)
  2 fungi (D:9)
120 creatures vanquished.

Vanquished Creatures (others)
  Maud (Lair:3)
  A hydra (Lair:1)
  4 guardian golems
  18 ice beasts
  9 wolves
  2 wargs
  2 crimson imps
  A hound (D:7)
  3 white imps
  4 quokkas
  2 bats (D:1)
  A rat (D:1)
  A fungus (D:9)
49 creatures vanquished.

Grand Total: 442 creatures vanquished

Notes
Turn   | Place    | Note
--------------------------------------------------------------
     0 | D:1      | PolkaDot, the Vampire Summoner, began the quest for the Orb.
     0 | D:1      | Reached XP level 1. HP: 13/13 MP: 3/3
   207 | D:1      | Reached XP level 2. HP: 16/19 MP: 5/5
   211 | D:1      | Learned a level 2 spell: Call Imp
  1037 | D:1      | Reached XP level 3. HP: 16/25 MP: 6/6
  1042 | D:1      | Learned a level 3 spell: Call Canine Familiar
  1285 | D:2      | Reached skill level 1 in Fighting
  1537 | D:2      | Found an opulent altar of Gozag.
  1538 | D:2      | Found a sparkling altar of Nemelex Xobeh.
  1929 | D:2      | Gained mutation: You have large cloven feet. [potion of mutation]
  1929 | D:2      | Gained mutation: You are somewhat resistant to further mutation. [potion of mutation]
  1929 | D:2      | Gained mutation: You have hoof-like feet. [potion of mutation]
  2403 | D:3      | Reached XP level 4. HP: 31/33 MP: 8/8
  2648 | D:4      | Reached skill level 12 in Summonings
  2648 | D:4      | Reached XP level 5. HP: 35/38 MP: 9/9
  2973 | D:4      | Noticed an ogre
  2981 | D:4      | Killed an ogre
  3154 | D:4      | Found an ancient bone altar of Kikubaaqudgha.
  3211 | D:4      | Noticed Duvessa
  3215 | D:4      | Noticed Dowan
  3224 | D:4      | Killed Duvessa
  3224 | D:4      | Reached XP level 6. HP: 41/46 MP: 1/11
  3225 | D:4      | Killed Dowan
  3407 | D:4      | Noticed Purgy
  3413 | D:4      | Noticed Prince Ribbit
  3417 | D:4      | Killed Purgy
  3593 | D:5      | Entered Level 5 of the Dungeon
  3698 | D:5      | Learned a level 4 spell: Summon Ice Beast
  3699 | D:5      | Found a shimmering altar of Xom.
  4449 | D:5      | Reached XP level 7. HP: 50/52 MP: 12/12
  4528 | D:5      | Found a glowing silver altar of Zin.
  4989 | D:6      | Found Ugekh's Assorted Antiques.
  4992 | D:6      | Bought an ancient quarterstaff for 189 gold pieces
  4993 | D:6      | Identified the cursed +1 quarterstaff "Ybiejek" {freeze, rN+ MR+} (You bought it in a shop on level 6 of the Dungeon)
  5070 | D:6      | Found a sacrificial altar of Ru.
  5107 | D:6      | Noticed Eustachio
  5131 | D:6      | Reached skill level 1 in Staves
  5144 | D:6      | Killed Eustachio
  5206 | D:6      | Found an iron altar of Okawaru.
  5208 | D:6      | Found a bloodstained altar of Trog.
  5717 | D:6      | Reached XP level 8. HP: 43/60 MP: 4/14
  5967 | D:7      | Found a staircase to the Ecumenical Temple.
  5989 | Temple   | Entered the Ecumenical Temple
  6050 | Temple   | Became a worshipper of Sif Muna the Loreminder
  6168 | D:7      | Reached skill level 1 in Ice Magic
  6189 | D:7      | Noticed Ijyb
  6199 | D:7      | Killed Ijyb
  6414 | D:7      | Noticed Edmund
  6438 | D:7      | Killed Edmund
  6493 | D:7      | Noticed Menkaure
  6505 | D:7      | Killed Menkaure
  6598 | D:7      | Noticed Pikel
  6623 | D:7      | Killed Pikel
  6890 | D:7      | Found a snail-covered altar of Cheibriados.
  6938 | D:7      | Reached XP level 9. HP: 21/65 MP: 15/15
  7440 | D:7      | Noticed Crazy Yiuf
  7457 | D:7      | Killed Crazy Yiuf
  8571 | D:8      | Got a brightly glowing dagger
  8572 | D:8      | Identified the +8 dagger "Kuitt" {venom, Int+4 Dex+3} (You found it on level 8 of the Dungeon)
  9015 | D:8      | Acquired Sif Muna's first power
  9195 | D:9      | Found a staircase to the Lair.
  9363 | D:9      | Reached skill level 5 in Ice Magic
  9486 | D:9      | Found a blossoming altar of Fedhas.
  9486 | D:9      | Found a stormy altar of Qazlal.
  9728 | D:9      | Found a burning altar of Makhleb.
  9799 | D:9      | Learned a level 4 spell: Summon Guardian Golem
 10356 | Lair:1   | Entered Level 1 of the Lair of Beasts
 10356 | Lair:1   | Noticed an eight-headed hydra
 10369 | Lair:1   | Noticed Joseph
 10378 | Lair:1   | Noticed a spiny frog
 10403 | Lair:1   | Reached skill level 1 in Hexes
 10420 | Lair:1   | Killed Joseph
 10444 | Lair:1   | Reached skill level 1 in Short Blades
 10455 | Lair:1   | Reached XP level 10. HP: 43/71 MP: 9/17
 10469 | Lair:1   | Killed a spiny frog
 10472 | Lair:1   | an eight-headed hydra (ally) was killed
 10472 | Lair:1   | Reached skill level 5 in Short Blades
 10911 | Lair:1   | Noticed a komodo dragon
 10968 | Lair:1   | Killed a komodo dragon
 11509 | Lair:2   | Acquired Sif Muna's second power
 11727 | Lair:2   | Reached XP level 11. HP: 33/77 MP: 2/18
 12454 | Lair:3   | Found a staircase to the Shoals.
 12565 | Lair:3   | Reached skill level 5 in Hexes
 12932 | Lair:3   | Noticed a death yak
 12933 | Lair:3   | Noticed a death yak
 12934 | Lair:3   | Noticed a death yak
 13292 | Lair:3   | Noticed Maud
 13308 | Lair:3   | Killed Maud
 13356 | Lair:3   | Reached skill level 1 in Invocations
 14234 | Lair:4   | Acquired Sif Muna's third power
 14273 | Lair:4   | Found a snail-covered altar of Cheibriados.
 14533 | Lair:4   | Reached skill level 13 in Summonings
 14829 | Lair:5   | Found a hole to the Spider Nest.
 15026 | Lair:5   | Learned a level 4 spell: Summon Lightning Spire
 15368 | Lair:5   | Noticed a catoblepas
 15385 | Lair:5   | Killed a catoblepas
 15650 | Lair:5   | Reached XP level 12. HP: 76/83 MP: 9/22
 15784 | Lair:5   | Gained mutation: You occasionally shout uncontrollably at your foes. [potion of mutation]
 15784 | Lair:5   | Gained mutation: You can spit poison. [potion of mutation]
 15784 | Lair:5   | Gained mutation: You expend magic power (6 MP) to slightly strengthen your wands. [potion of mutation]
 15853 | Lair:5   | Noticed an ice dragon
 15921 | Lair:5   | Killed an ice dragon
 15921 | Lair:5   | Reached skill level 1 in Air Magic
 15994 | Lair:5   | Lost mutation: You have hoof-like feet. [potion of cure mutation]
 15994 | Lair:5   | Lost mutation: You are somewhat resistant to further mutation. [potion of cure mutation]
 15994 | Lair:5   | Lost mutation: You expend magic power (6 MP) to slightly strengthen your wands. [potion of cure mutation]
 15994 | Lair:5   | Lost mutation: You can spit poison. [potion of cure mutation]
 16086 | Lair:5   | Slain by an elephant

Action                   |  1- 3 |  4- 6 |  7- 9 | 10-12 || total
-------------------------+-------+-------+-------+-------++-------
Melee: Unarmed           |    19 |       |       |     1 ||    20
       Dagger            |    49 |    47 |   134 |   455 ||   685
       Short sword       |    75 |    54 |    43 |       ||   172
       Spear             |    25 |    24 |       |       ||    49
       Quarterstaff      |       |       |   317 |       ||   317
 Cast: Summon Small Mamm |    12 |     1 |     3 |       ||    16
       Call Canine Famil |     3 |     7 |    19 |    20 ||    49
       Call Imp          |     2 |    11 |    18 |     4 ||    35
       Summon Ice Beast  |       |       |    18 |    58 ||    76
       Summon Guardian G |       |       |       |     4 ||     4
       Summon Lightning  |       |       |       |     2 ||     2
Invok: Channel Energy    |       |       |    17 |    66 ||    83
 Abil: End Transformatio |       |       |       |     1 ||     1
       Bat Form          |       |       |       |     1 ||     1
Evoke: Wand              |       |       |       |     4 ||     4
  Use: Potion            |     2 |    13 |    54 |    62 ||   131
       Scroll            |     3 |     5 |    18 |    13 ||    39
 Stab: Sleeping          |     7 |     2 |     6 |     8 ||    23
       Distracted        |       |       |       |     5 ||     5
  Eat: Corpse            |    17 |     4 |       |       ||    21
